 Dungeon Crawl Stone Soup version 0.17.0-26-gececa24 (webtiles) character file.

63 Azhtabak the Caller (level 4, 0/24 HPs)
             Began as a Kobold Summoner on Nov 20, 2015.
             Slain by Ijyb
             ... wielding a +0 dagger
              (2 damage)
             ... on level 3 of the Dungeon.
             The game lasted 00:09:13 (2497 turns).

Azhtabak the Caller (Kobold Summoner)               Turns: 2497, Time: 00:09:13

Health: 0/24       AC:  5    Str:  6    XL:     4   Next: 30%
Magic:  1/8        EV: 20    Int: 14    God:
Gold:   168        SH:  0    Dex: 21    Spells: 3 memorised, 3 levels left

rFire  . . .     SeeInvis .     a - +0 whip
rCold  . . .     Clarity  .     m - +2 leather armour
rNeg   . . .     SustAt   .     (shield restricted)
rPois  .         Gourm    .     (no helmet)
rElec  .         Spirit   .     (no cloak)
rCorr  .         Warding  .     (no gloves)
rMut   .         Stasis   .     (no boots)
MR     .....                    (no amulet)
Stlth  ++++......               (no ring)
                                (no ring)

@: agile, very slightly contaminated, slowed, very slow, not resistant to
hostile enchantments, stealthy
A: carnivore 3
a: no special abilities


You were on level 3 of the Dungeon.
You were very full.

You visited 1 branch of the dungeon, and saw 3 of its levels.

You collected 168 gold pieces.

Inventory:

Hand Weapons
 a - a +0 whip (weapon)
 l - a +0 spear
Missiles
 i - 33 stones (quivered)
 n - 16 arrows
Armour
 m - a +2 leather armour (worn)
Jewellery
 o - an uncursed amulet of the gourmand {unknown}
Scrolls
 d - 5 scrolls of identify
 f - a scroll of teleportation
 h - a scroll of recharging {unknown}
 k - 2 scrolls of enchant armour
 p - a scroll of magic mapping {unknown}
Potions
 e - a potion of agility
 j - a potion of lignification {unknown}
Books
 b - a book of Callings

   Spells                             Type                      Level
   a - Summon Small Mammal            Summoning                    1
   b - Call Imp                       Summoning                    2
   c - Call Canine Familiar           Summoning                    3
   d - Summon Guardian Golem          Hexes/Summoning              3
   e - Summon Lightning Spire         Summoning/Air                4
   f - Summon Ice Beast               Ice/Summoning                4
Comestibles
 c - 2 meat rations
 g - a beef jerky


   Skills:
 + Level 1.0 Maces & Flails
 - Level 2.4 Dodging
 - Level 2.6 Stealth
 - Level 3.0 Spellcasting
 + Level 4.6 Summonings


You had 3 spell levels left.
You knew the following spells:

 Your Spells              Type           Power        Failure   Level  Hunger
a - Summon Small Mammal   Summ           ###.         8%          1    #......
b - Call Imp              Summ           ###.....     10%         2    ##.....
c - Call Canine Familiar  Summ           ###.....     17%         3    ###....


Dungeon Overview and Level Annotations

Branches:
Dungeon (3/15)

Altars:
Ashenzari

Annotations:
D:3 Ijyb, Natasha


Innate Abilities, Weirdness & Mutations

You are small and have problems with some larger weapons.
You are carnivorous and can eat meat at any time.


Message History

Drink which item? (? for menu, Esc to quit)
Okay, then.
You closely miss Ijyb.
Ijyb is almost dead.
Your hound barely misses the ooze.
Ijyb hits you but does no damage.
Your white imp hits Ijyb but does no damage.
The goblin barely misses your white imp.
Your hound bites the ooze.
Natasha claws you. The ooze hits you. Ijyb barely misses you.
Your white imp closely misses Ijyb.
The goblin hits your white imp but does no damage.
Drink which item? (? for menu, Esc to quit)
You feel agile all of a sudden.
Your hound bites the ooze.
The crimson imp barely misses your hound.
Natasha claws you!
* * * LOW HITPOINT WARNING * * *
Your hound bites the ooze.
The ooze dies!
Ijyb hits you with a dagger.
You die...

# #. #....... #.#.
#......
##.#.##.....###
.....(........
......%5....###
..?...........#
.......gh......
####...5h@5g.....
.................
........$....#.#
................
#.###............
.................
.#..###...######.#
..................
..........######


You could see Ijyb, Natasha, a crimson imp, a goblin, a friendly hound, a
friendly crimson imp and a friendly white imp.

Vanquished Creatures
  A giant cockroach (D:1)
  4 goblins (D:2)
  5 hobgoblins
  3 kobolds
  A quokka (D:1)
  5 bats
  4 giant newts
  A jackal zombie (D:3)
  7 rats
31 creatures vanquished.

Vanquished Creatures (collateral kills)
  2 adders (D:2)
  2 oozes
  2 worms (D:2)
  A giant gecko (D:1)
  3 jackals (D:1)
  2 kobolds (D:1)
  3 bats (D:1)
  2 goblins (D:1)
  A quokka (D:1)
  3 rats
21 creatures vanquished.

Grand Total: 52 creatures vanquished

Notes
Turn   | Place    | Note
--------------------------------------------------------------
     0 | D:1      | Azhtabak the Kobold Summoner began the quest for the Orb.
     0 | D:1      | Reached XP level 1. HP: 10/10 MP: 3/3
   552 | D:1      | Reached XP level 2. HP: 15/15 MP: 3/5
   556 | D:1      | Learned a level 2 spell: Call Imp
   992 | D:1      | Reached XP level 3. HP: 10/19 MP: 3/6
  1231 | D:1      | Learned a level 3 spell: Call Canine Familiar
  1745 | D:2      | Reached XP level 4. HP: 22/24 MP: 8/8
  2429 | D:3      | Reached skill level 1 in Maces & Flails
  2436 | D:3      | Found a shattered altar of Ashenzari.
  2479 | D:3      | Noticed Ijyb
  2490 | D:3      | Noticed Natasha
  2497 | D:3      | Slain by Ijyb

Action                   |  1- 3 |  4- 6 || total
-------------------------+-------+-------++-------
Melee: Unarmed           |    53 |       ||    53
       Whip              |    86 |    35 ||   121
       Spear             |    11 |       ||    11
 Cast: Summon Small Mamm |     9 |       ||     9
       Call Imp          |    15 |     2 ||    17
       Call Canine Famil |     2 |     3 ||     5
  Use: Scroll            |     4 |     1 ||     5
       Potion            |       |     1 ||     1
 Stab: Sleeping          |     2 |     2 ||     4
  Eat: Chunk             |    13 |     2 ||    15
